AoeStats
← Jotakargo

Arabia

509950019Analyzed
1v1 RM · 3d ago on Sep 28, 2026· 51m 8s· 2 players
Game mode
Random Map
Map size
Tiny (2 player)
Population
200
Speed
Normal
Resources
Standard
Victory
Conquest
Starting age
Dark Age
Ending age
Imperial Age
RankedLock teamsTeams togetherTeam positionsShared explorationLock speedFull tech treeHidden civsTurbo modeCheats
Victory
Defeat
🇪🇸 Ethiopians · Spain
344
+15
🇨🇴 Khmer · Colombia
333
-15
Jotakargo
5:22 Loom
12:40 Feudal Age
13:05 Double-Bit Axe
14:26 Town Watch
15:18 Wheelbarrow
17:26 Horse Collar
23:32 Castle Age
22:50 Gold Mining
22:50 Stone Mining
22:56 Stone Mining
24:17 Elite Skirmisher
28:53 Crossbowman
30:21 Crossbowman
35:23 Hand Cart
39:21 Imperial Age
37:16 Husbandry
37:26 Bloodlines
37:23 Man-at-Arms
37:23 Pikeman
38:50 Light Cavalry
40:45 Fervor
40:25 Arson
juangilbescos52
3:10 Loom
11:53 Feudal Age
12:28 Double-Bit Axe
12:34 Horse Collar
15:24 Wheelbarrow
15:47 Town Watch
19:02 Gold Mining
20:13 Padded Archer Armor
23:10 Fletching
23:56 Forging
28:38 Castle Age
28:57 Scale Barding Armor
28:52 Scale Mail Armor
29:02 Stone Mining
30:12 Hand Cart
30:10 Thumb Ring
31:05 Crossbowman
35:22 Squires
35:08 Arson
35:20 Bodkin Arrow
35:41 Leather Archer Armor
37:15 Gold Shaft Mining
37:15 Stone Shaft Mining
38:14 Ballistics
38:18 Town Patrol
42:57 Imperial Age
41:29 Iron Casting
41:55 Masonry
46:56 Ring Archer Armor
46:27 Bracer
51:46 Husbandry
51:07 Cavalier
Connection lost

Rejoining the realm…

Still unreachable

The connection could not be restored.

Session expired

The server has moved on; the page needs a fresh start.